Map: Затон РВ

Players

ИИ 1 (ученик) - Winner!

  • Race: Terran Terran
  • Spawn Location: 11:00

Doll

  • Race: Zerg Zerg
  • Spawn Location: 5:00

VOD

Have the link to the VOD?

Description

Time

  • Played on: Jan. 15, 2021, 6:41 a.m.
  • Length: 7:26
Show
View Real Time Build Order
Export as new Build Order

ИИ 1 (ученик) Terran - Winner!

Build Orders:  

Get SALT Encoding   

  12  0:00  SCV  
  13  0:13  SCV  
  14  0:19  Supply Depot  
  14  0:25  SCV  
  15  0:40  SCV  
  15  0:42  Barracks  
  16  0:46  Refinery  
  16  1:10  Supply Depot  
  16  1:21  Refinery  
  16  1:29  Marine, Orbital Command  
  17  1:47  Barracks Tech Lab  
  17  1:54  SCV  
  18  2:05  Marine  
  18  2:06  SCV  
  18  2:08  Supply Depot  
  20  2:18  SCV  
  21  2:23  Marine  
  22  2:30  SCV  
  22  2:41  Marine  
  22  2:42  SCV  
  17  2:54  SCV  
  11  2:59  Marine  
  9  3:06  SCV  
  9  3:17  Marine  
  9  3:18  SCV  
  11  3:31  SCV  
  12  3:35  Marauder  
  14  3:43  SCV  
  15  3:55  SCV  
  16  3:56  Marauder  
  18  4:07  SCV  
  19  4:19  SCV  
  20  4:31  SCV  
  21  4:43  SCV  
  22  4:55  SCV  
  23  5:04  Reaper  
  23  5:07  Factory, SCV  
  24  5:10  Supply Depot  
  25  5:19  SCV  
  26  5:32  SCV  
  27  5:36  Marine  
  28  5:44  SCV  
  28  5:53  Starport  
  28  5:54  Marine  
  28  5:56  SCV  
  24  6:08  SCV  
  25  6:11  Marine  
  26  6:20  SCV  
  26  6:21  Supply Depot  
  27  6:30  Marauder, Starport Tech Lab  
  27  6:32  SCV  
  30  6:44  SCV  
  31  6:51  Reaper  
  34  6:56  SCV  
Show
View Real Time Build Order
Export as new Build Order

Doll Zerg 

Build Orders: Pool First 

Get SALT Encoding   

  12  0:20  Extractor, Spawning Pool  
  10  0:24  Drone  
  11  0:34  Overlord  
  11  1:07  Zergling x6  
  14  1:11  Queen  
  16  1:18  Zergling x2  
  17  1:29  Metabolic Boost  
  17  1:36  Zergling x2  
  18  1:42  Zergling x2  
  19  1:50  Drone  
  20  2:03  Drone  
  21  2:12  Drone  
  22  2:22  Overlord  
  21  2:47  Hatchery  
  21  2:50  Drone  
  20  2:55  Drone  
  20  3:00  Drone  
  20  3:05  Drone  
  19  3:14  Drone x2  
  19  3:19  Drone  
  22  3:28  Drone  
  23  3:36  Zergling x2  
  24  3:44  Roach Warren  
  24  3:45  Extractor  
  24  3:48  Queen  
  22  3:52  Zergling x2  
  25  4:00  Drone  
  26  4:06  Drone  
  26  4:09  Drone  
  28  4:12  Drone  
  28  4:13  Spine Crawler  
  28  4:20  Zergling x2, Drone  
  28  4:23  Zergling x2  
  31  4:27  Drone  
  32  4:31  Drone  
  32  4:33  Drone  
  32  4:36  Drone  
  35  4:39  Drone  
  36  4:46  Overlord  
  36  4:54  Lair  
  36  5:02  Baneling Nest  
  36  5:04  Drone  
  36  5:06  Roach  
  38  5:10  Roach  
  40  5:15  Roach  
  40  5:18  Overlord  
  42  5:23  Drone  
  42  5:24  Drone  
  44  5:29  Overlord  
  44  5:37  Drone x2  
  44  5:38  Drone x2  
  44  5:39  Drone  
  44  5:42  Drone  
  50  5:44  Drone  
  50  5:47  Baneling x3  
  51  5:52  Baneling  
  51  5:53  Baneling  
  51  5:54  Drone  
  51  5:55  Drone  
  51  6:02  Roach  
  51  6:03  Roach x2  
  57  6:08  Roach  
  57  6:09  Overlord  
  59  6:18  Hydralisk Den  
  58  6:21  Drone  
  58  6:22  Infestation Pit, Drone  
  59  6:33  Hatchery, Drone  
  59  6:34  Drone  
  59  6:35  Drone  
  59  6:38  Zergling x2  
  59  6:39  Zergling x2  
  63  6:41  Zergling x2  
  63  6:43  Zergling x2  
  63  6:44  Overseer  
  63  6:45  Overseer  
  65  6:50  Drone x2  
  65  6:51  Drone  
  68  6:55  Spore Crawler  
  68  6:59  Overlord, Spore Crawler  
  66  7:02  Overlord  
  66  7:07  Overlord  
Tags
 
Matchup
ЗvТ
Opening
Pool First
Spawn Locations
Cross Positions
Add a new tag
Caveats
  • Supply blocks, unpowered buildings, or Contaminate may cause inaccurate times.
  • Supply counts are checked every 10 seconds.